 Dungeon Crawl Stone Soup version 0.27-a0-1139-g28e009f8a6 (webtiles) character file.

Game seed: 7013422585265239463

2956 Morbidden the Slasher (level 9, -5/65 HPs)
             Began as a Djinni Fighter on May 7, 2021.
             Was an Elder of Cheibriados.
             Slain by a gnoll
             ... wielding a +0 spear
              (6 damage)
             ... on level 8 of the Dungeon.
             The game lasted 00:12:31 (9206 turns).

Morbidden the Slasher (Djinni Fighter)              Turns: 9206, Time: 00:12:32

Health: -5/65      AC: 17    Str: 28    XL:     9   Next: 81%
Gold:   358        EV: 10    Int: 20    God:    Cheibriados [****..] SH: 13 Dex: 23

rFire    + + .     SeeInvis +   a - +7 dagger (venom)
rCold    x . .     Faith    +   c - +1 kite shield
rNeg     . . .     Spirit   .   l - +0 chain mail
rPois    ∞         Reflect  .   v - +0 helmet
rElec    .         Harm     .   (no cloak)
rCorr    .         Rampage  .   C - +1 pair of gloves
Will     .....                  (boots unavailable)
Stlth    ..........             y - amulet of faith
HPRegen  0.20/turn              f - +4 ring of protection
MPRegen  0.00/turn              s - ring of see invisible

@: about to teleport, flying, very slightly contaminated, studying Dodging,
invisible, very slow
A: sickness immunity, fire resistance 2, cold vulnerability 1, float, innate
caster, hp casting, extra vitality 1
a: Renounce Religion, Bend Time, Temporal Distortion, Slouch


You were on level 8 of the Dungeon.
You worshipped Cheibriados.
Cheibriados was greatly pleased with you.
You visited 1 branch of the dungeon, and saw 9 of its levels.

You collected 397 gold pieces.
You spent 39 gold pieces at shops.

Inventory:

Hand Weapons
 a - a +7 dagger of venom (weapon)
 b - a +0 fustibalus
 j - a +2 scimitar of freezing
Missiles
 n - a throwing net
 x - 5 boomerangs (quivered)
 A - 7 poisoned darts
 D - 6 boomerangs of dispersal
Armour
 c - a +1 kite shield (worn)
 l - a +0 chain mail (worn)
 v - a +0 helmet (worn)
 C - a +1 pair of gloves (worn)
Jewellery
 f - a +4 ring of protection (left hand)
 g - a ring of resist corrosion
 o - a ring of fire
 r - a ring of wizardry
 s - a ring of see invisible (right hand)
 y - an amulet of faith (around neck)
Wands
 z - a wand of polymorph (7)
 E - a wand of iceblast (4)
Scrolls
 e - 2 scrolls of vulnerability
 h - 4 scrolls of magic mapping
 k - 8 scrolls of identify
 m - a scroll of teleportation
 t - a scroll of fog
 w - a scroll of torment
Potions
 d - 4 potions of might
 q - a potion of resistance


   Skills:
 * Level 5.3 Fighting
 + Level 3.2(4.9) Short Blades
 * Level 5.8(6.2) Long Blades
 + Level 5.6 Armour
 * Level 4.5 Dodging
 + Level 0.5 Stealth
 + Level 5.4 Shields
 * Level 3.4 Spellcasting
 * Level 4.1 Invocations
 + Level 0.1 Evocations


You had 5 spell levels left.
You knew the following spells:

 Your Spells              Type           Power      Damage    Failure   Level
a - Pain                  Necr           68%        1d7       50%         1
b - Ensorcelled Hibernat  Hex/Ice        34%        N/A       65%         2
c - Ozocubu's Armour      Ice            17%        N/A       86%         3
d - Teleport Other        Tloc           17%        N/A       86%         3
Your spell library was empty.

Dungeon Overview and Level Annotations

Branches:
Dungeon (9/15)             Temple (0/1) D:7
   Lair: D:8-11         Orc: D:9-12

Altars:
Cheibriados
Elyvilon
Fedhas
Hepliaklqana
Kikubaaqudgha
Makhleb
Nemelex Xobeh
Okawaru
Trog
Uskayaw
Yredelemnul
Zin

Shops:
D:1 !   D:4 (   D:5 *


Innate Abilities, Weirdness & Mutations

You are immune to sickness and miasma.
You are immune to poison.
Your flesh is very heat resistant. (rF++)
You are vulnerable to cold. (rC-)
You float through the air rather than walking.
You learn spells naturally, not from books.
Your magical power is your life essence.
You have superior vitality. (+4 HP)


Message History

The gnoll hits you but does no damage. x3
The gnoll shaman hits you with a +0 club.
* * * LOW HITPOINT WARNING * * *
The gnoll hits you but does no damage.
Unknown command.
Okay, then.
Something appears before you! You block the gnoll's attack.
The gnoll closely misses you. The gnoll hits you but does no damage.
The gnoll shaman barely misses you.
Unknown command.
Unknown command.
As you read the scroll of teleportation, it crumbles to dust.
You feel strangely unstable. The gnoll hits you but does no damage.
You block the gnoll's attack. x2; You block the gnoll shaman's attack.
The gnoll barely misses you.
Unknown command.
Unknown command.
Unknown command.
The flow of time bends around you.
Cheibriados rebukes the gnoll.
The gnoll seems to slow down.
Cheibriados rebukes the gnoll shaman.
The gnoll shaman seems to slow down.
You block the gnoll's attack. The gnoll barely misses you.
The gnoll closely misses you.
Unknown command.
Unknown command.
Unknown command.
Unknown command.
Unknown command.
Okay, then.
Okay, then.
Unknown command.
Unknown command.
Unknown command.
You catch the helpless gnoll shaman completely off-guard!
You impale the gnoll shaman!!
You kill the gnoll shaman!
Cheibriados appreciates the change of pace.
The gnoll hits you from afar with a +0 spear.
You die...

. ##...## #
###..###
...#.....##
...........##
.g..........##
.....)......§.#
........)...gg##
..g.....g..ggg§#
............)#@#
............###
..........##
...#.....## #
#######


You could see 4 gnolls.

Vanquished Creatures
  Pikel (D:3)
  A hornet (D:5)
  A shadow (D:9)
  Menkaure (D:4)
  Duvessa (D:4)
  A water moccasin (D:5)
  An ogre (D:4)
  A centaur (D:9)
  2 phantoms (D:6)
  3 bullfrogs
  A gnoll sergeant (D:8)
  A scorpion (D:5)
  Dowan (D:4)
  A water moccasin zombie (D:6)
  A wyvern skeleton (D:6)
  5 wights (D:9)
  A howler monkey (D:9)
  A centaur zombie (D:7)
  A jelly (D:4)
  5 hounds
  5 orc priests
  A centaur skeleton (D:3)
  A gnoll shaman (D:8)
  Terence (D:2)
  2 iguanas
  4 orc wizards
  Robin (D:4)
  A howler monkey zombie (D:8)
  6 gnolls (D:8)
  7 adders
  A white imp (D:6)
  2 ufetubi (D:5)
  An adder skeleton (D:4)
  2 worms
  17 orcs
  8 ball pythons
  5 endoplasms
  2 giant cockroaches
  3 hobgoblins
  11 jackals
  A quokka (D:3)
  4 bats
  A frilled lizard (D:2)
  15 goblins
  7 kobolds
  5 rats
  A spectral kobold (D:6)
146 creatures vanquished.

Vanquished Creatures (others)
  2 plants
  2 withered plants (D:3)
4 creatures vanquished.

Grand Total: 150 creatures vanquished

Notes
Turn   | Place    | Note
-------+----------+-------------------------------------------
     0 | D:1      | Morbidden the Djinni Fighter began the quest for the Orb.
     0 | D:1      | Reached XP level 1. HP: 20/20 MP: 0/0
   135 | D:1      | Reached XP level 2. HP: 10/25 MP: 0/0
   496 | D:1      | Found Paigg's Distillery.
   503 | D:1      | Bought a potion of curing for 39 gold pieces
   663 | D:1      | Found a faded altar of an unknown god.
  1188 | D:2      | Found a snail-covered altar of Cheibriados.
  1212 | D:2      | Became a worshipper of Cheibriados the Contemplative
  1480 | D:2      | Noticed Terence
  1489 | D:2      | Killed Terence
  1490 | D:2      | Reached XP level 3. HP: 17/30 MP: 0/0
  1490 | D:2      | Learned a level 1 spell: Pain
  1846 | D:2      | Reached XP level 4. HP: 30/35 MP: 0/0
  1959 | D:2      | Reached skill level 1 in Dodging
  2309 | D:3      | Found a blossoming altar of Fedhas.
  2347 | D:3      | Reached * piety under Cheibriados
  2663 | D:3      | Reached skill level 1 in Spellcasting
  2663 | D:3      | Reached skill level 1 in Invocations
  2738 | D:3      | Found a bloodstained altar of Trog.
  2738 | D:3      | Found an iron altar of Okawaru.
  3133 | D:3      | Reached XP level 5. HP: 38/40 MP: 0/0
  3133 | D:3      | Learned a level 2 spell: Ensorcelled Hibernation
  3612 | D:4      | Found a snail-covered altar of Cheibriados.
  3612 | D:4      | Noticed Duvessa
  3612 | D:4      | Noticed Dowan
  3619 | D:5      | Entered Level 5 of the Dungeon
  3630 | D:5      | Reached ** piety under Cheibriados
  3866 | D:4      | Noticed an ogre
  3902 | D:5      | Noticed a water moccasin
  3915 | D:5      | Killed a water moccasin
  3916 | D:5      | Reached XP level 6. HP: 41/47 MP: 0/0
  3925 | D:5      | Noticed a hornet
  3949 | D:5      | Killed a hornet
  3950 | D:5      | Reached XP level 7. HP: 23/52 MP: 0/0
  3950 | D:5      | Learned a level 3 spell: Ozocubu's Armour
  4216 | D:5      | Found a basalt altar of Yredelemnul.
  4217 | D:5      | Found a burning altar of Makhleb.
  4217 | D:5      | Found a white marble altar of Elyvilon.
  4348 | D:5      | Found a glowing silver altar of Zin.
  4377 | D:5      | Found Oceg's Assorted Antiques.
  5235 | D:4      | Noticed Robin
  5235 | D:4      | Noticed Menkaure
  5586 | D:4      | Found a sparkling altar of Nemelex Xobeh.
  5644 | D:4      | Killed Duvessa
  5645 | D:4      | Reached XP level 8. HP: 25/58 MP: 0/0
  5672 | D:4      | Killed Dowan
  5673 | D:4      | Reached skill level 5 in Long Blades
  5934 | D:4      | Reached *** piety under Cheibriados
  5953 | D:4      | Killed Robin
  6041 | D:4      | Found Nysoomutt's Weapon Emporium.
  6052 | D:4      | Noticed Pikel
  6072 | D:3      | Killed Pikel
  6073 | D:3      | Reached skill level 1 in Short Blades
  6121 | D:4      | Killed Menkaure
  7017 | D:6      | Reached XP level 9. HP: 30/63 MP: 0/0
  7017 | D:6      | Learned a level 3 spell: Teleport Other
  7447 | D:6      | Reached **** piety under Cheibriados
  7497 | D:6      | Reached skill level 5 in Armour
  7839 | D:6      | Found a hazy altar of Hepliaklqana.
  8073 | D:6      | Reached skill level 5 in Shields
  8230 | D:7      | Found a staircase to the Ecumenical Temple.
  8240 | D:7      | You are sucked into a shaft and drop 2 floors!
  8248 | D:9      | Reached skill level 5 in Fighting
  9027 | D:8      | Noticed a two-headed ogre
  9093 | D:8      | Found a hide-covered altar of Uskayaw.
  9188 | D:8      | Identified a scroll of acquirement
  9188 | D:8      | Acquired a manual of Dodging
  9202 | D:8      | HP: 3/65 [gnoll shaman/+0 club (5)]
  9203 | D:8      | Acquired a +8 quick blade
  9206 | D:8      | Slain by a gnoll

Illustrated notes

Levels and vault maps discovered:
D:1:      moated_graveyard_arrival, layout_loops_ring,
          ebering_ecumenical_altar_ruins, serial_shops, shop_fountains
D:2:      layout_basic, basic_altar, minmay_misc_feat_pillars, uniq_terence
D:3:      layout_basic, grunt_temple_overflow_growth_and_decay,
          grunt_temple_overflow_bloody_war, minmay_quantized
D:4:      layout_gridville, lemuel_crystal_altar, nemelex_dance_club_becter,
          serial_shops, kennysheep_mini, serial_park_tiny_1,
          chequers_serial_rivers_micro_c, kennysheep_decorative_pillar,
          uniq_robin, uniq_duvessa, uniq_menkaure, uniq_pikel
D:5:      layout_basic, nicolae_overflow_quartered_altars, serial_shops, shop
D:6:      layout_basic, nicolae_hepliaklqana_monster_ancestors,
          columned_hall_lemuel
D:7:      layout_basic, minmay_temple_entry_mist, kennysheep_generic_room_13
D:8:      layout_rooms, hangedman_feature_mirror
D:9:      layout_loops_ring, serial_bayou_pond_a

Skill      XL: |  1  2  3  4  5  6  7  8  9 |
---------------+----------------------------+-----
Long Blades    | 2 3 4 5 |  5.8
Dodging        | 1 2 3 4 |  4.5
Spellcasting   | 1 2 3 |  3.4
Invocations    | 1 2 3 4 |  4.1
Fighting       | 4 5 |  5.3
Shields        | 4 5 |  5.4
Armour         | 4 5 |  5.6
Short Blades   | 1 3 |  3.2
Stealth        | |  0.5
Evocations     | |  0.1

Action                   |  1- 3 |  4- 6 |  7- 9 || total
-------------------------+-------+-------+-------++-------
Melee: Long sword        |    70 |   133 |    76 ||   279
       Dagger            |       |       |   218 ||   218
       Short sword       |       |       |    14 ||    14
Throw: Boomerang         |       |       |     1 ||     1
Invok: Bend Time         |       |       |     1 ||     1
Evoke: Wand              |       |       |     5 ||     5
  Use: Scroll            |       |     4 |     9 ||    13
       Potion            |       |     1 |     4 ||     5
 Stab: Invisible         |       |       |     1 ||     1
Armor: Scale mail        |    44 |     1 |       ||    45
       Chain mail        |       |    98 |   151 ||   249
Dodge: Dodged            |    26 |    48 |   109 ||   183
Block: Kite shield       |    38 |    96 |   231 ||   365
       Rpst.: Long sword |     6 |    17 |     9 ||    32

Table legend: (Time is in decaauts)
 A = Elapsed time spent in this place.
 B = Non-inter-level travel time spent in this place.
 C = Inter-level travel time spent in this place.
 D = Time resting spent in this place.
 E = Time spent auto-exploring this place.
 F = Levels seen in this place.
 G = Mean time per level.
                   A        B        C        D        E       F      G
               +--------+--------+--------+--------+--------+-----+--------+
         Total |  11762 |  10849 |    913 |    970 |   8485 |   9 | 1306.9 |
       Dungeon |  11762 |  10849 |    913 |    970 |   8485 |   9 | 1306.9 |
               +--------+--------+--------+--------+--------+-----+--------+

Top non-repeatable levels by time:
     D:5: 2572 daAuts
     D:6: 2411 daAuts
     D:3: 1737 daAuts
     D:2: 1450 daAuts
     D:4: 1366 daAuts
     D:9: 1197 daAuts
     D:1: 834 daAuts
     D:8: 168 daAuts
     D:7: 24 daAuts
